AoeStats
← Roelofzen

Black Forest

509410287Analyzed
4v4 RM · 7d ago on Sep 26, 2026· 55m 32s· 8 players
Game mode
Random Map
Map size
Large (8 player)
Population
200
Speed
Normal
Resources
Standard
Victory
Conquest
Starting age
Dark Age
Ending age
Imperial Age
RankedLock teamsTeams togetherTeam positionsShared explorationLock speedFull tech treeHidden civsTurbo modeCheats
Victory
Defeat
🇳🇱 Turks · Netherlands
1060
+10
🇸🇪 Bohemians · Sweden
1043
+10
🇺🇸 Tatars · United States
1005
+13
🇮🇹 Turks · Italy
989
+12
🇵🇪 Spanish · Peru
1088
-45
🇨🇳 Huns · China
932
-12
🇺🇸 Teutons · United States
919
-11
🇵🇪 Franks · Peru
723
-5
...
0:28 Loom
12:43 Feudal Age
15:03 Double-Bit Axe
19:32 Stone Mining
29:22 Wheelbarrow
31:08 Gold Mining
36:57 Horse Collar
43:15 Castle Age
44:40 Gold Shaft Mining
44:09 Elite Skirmisher
45:19 Hand Cart
46:32 Bow Saw
46:37 Bloodlines
49:17 Heavy Plow
57:46 Imperial Age
CarpitOlander
8:49 Loom
11:48 Feudal Age
12:26 Double-Bit Axe
13:44 Wheelbarrow
16:48 Castle Age
14:57 Horse Collar
18:40 Bow Saw
21:51 Heavy Plow
25:37 Hand Cart
28:10 Caravan
32:00 Imperial Age
29:22 Town Watch
31:40 Forging
31:31 Scale Mail Armor
31:22 Fletching
33:17 Chemistry
32:38 Ballistics
32:15 Murder Holes
32:41 Pikeman
33:21 Squires
34:03 Iron Casting
33:44 Chain Mail Armor
33:30 Padded Archer Armor
34:47 Two-Man Saw
33:21 Houfnice
38:29 Plate Mail Armor
39:53 Blast Furnace
38:50 Bodkin Arrow
39:19 Guilds
41:13 Leather Archer Armor
41:50 Siege Engineers
42:07 Bombard Tower
42:00 Masonry
44:38 Conscription
43:51 Elite Hussite Wagon
46:19 Ring Archer Armor
54:42 Arson
55:51 Bracer
LeinaD
0:27 Loom
19:35 Feudal Age
21:16 Wheelbarrow
21:08 Double-Bit Axe
21:05 Horse Collar
21:26 Gold Mining
23:58 Castle Age
22:49 Stone Mining
24:54 Hand Cart
25:02 Bow Saw
24:54 Heavy Plow
26:04 Gold Shaft Mining
29:08 Imperial Age
30:28 Conscription
31:48 Caravan
34:16 Coinage
39:11 Banking
41:18 Guilds
46:30 Two-Man Saw
Roelofzen
2:13 Loom
13:31 Feudal Age
17:38 Castle Age
15:45 Double-Bit Axe
18:53 Bow Saw
20:22 Wheelbarrow
19:31 Horse Collar
21:24 Stone Mining
23:36 Forging
23:41 Gold Mining
25:28 Bloodlines
32:03 Heavy Plow
32:39 Gold Shaft Mining
36:37 Imperial Age
34:29 Padded Archer Armor
35:40 Husbandry
35:49 Scale Barding Armor
36:19 Iron Casting
36:00 Leather Archer Armor
37:16 Treadmill Crane
38:52 Conscription
38:35 Artillery
39:39 Heavy Camel Rider
41:38 Chain Barding Armor
43:23 Plate Barding Armor
50:31 Blast Furnace
Blizzard
11:02 Feudal Age
15:32 Castle Age
13:18 Loom
36:11 Imperial Age
34:26 Wheelbarrow
35:26 Gold Mining
37:15 Scale Barding Armor
37:21 Forging
37:02 Fletching
37:10 Cavalier
38:04 Bloodlines
38:55 Chain Barding Armor
39:31 Conscription
43:17 Plate Barding Armor
43:17 Iron Casting
42:46 Stone Mining
43:50 Scale Mail Armor
46:02 Paladin
48:16 Blast Furnace
52:45 Pikeman
53:25 Squires
54:20 Halberdier
五条悟
5:07 Loom
11:49 Feudal Age
15:38 Castle Age
14:17 Double-Bit Axe
23:05 Horse Collar
26:00 Padded Archer Armor
27:39 Bow Saw
29:22 Wheelbarrow
28:44 Town Watch
34:26 Imperial Age
33:43 Hand Cart
34:35 Inquisition
35:31 Supremacy
35:32 Conscription
36:35 Illumination
36:25 Block Printing
36:45 Theocracy
37:18 Sanctity
37:13 Gold Mining
37:13 Stone Mining
38:10 Fervor
38:20 Scale Barding Armor
38:06 Fletching
38:31 Leather Archer Armor
40:14 Chemistry
39:34 Ballistics
39:25 Masonry
41:23 Guilds
42:11 Redemption
42:59 Inquisition
45:16 Chain Barding Armor
44:51 Bodkin Arrow
45:11 Leather Archer Armor
45:30 Bombard Tower
leonedu
13:24 Feudal Age
12:49 Loom
17:28 Castle Age
15:33 Double-Bit Axe
16:08 Gold Mining
16:59 Stone Mining
20:01 Wheelbarrow
24:54 Hand Cart
25:39 Fishing Lines
28:30 Bow Saw
29:00 Town Watch
33:27 Imperial Age
32:57 Fervor
33:19 Scale Barding Armor
33:25 Forging
33:37 Cavalier
34:50 Masonry
35:07 Chain Barding Armor
37:23 Plate Barding Armor
36:52 Husbandry
37:52 Iron Casting
38:22 Caravan
37:53 Paladin
46:50 Blast Furnace
卢本伟
2:02 Loom
Connection lost

Rejoining the realm…

Still unreachable

The connection could not be restored.

Session expired

The server has moved on; the page needs a fresh start.